 Dungeon Crawl Stone Soup version 0.24.0-37-gcf1ca852f1 (webtiles) character file.

Game seed: 11292162181324034615, levelgen mode: deterministic

1382 H0rd4k the Thaumaturge (level 8, -4/43 HPs)
             Began as a Deep Elf Wizard on Dec 3, 2019.
             Killed by divine providence
             ... invoked by an orc priest
              (14 damage)
             ... on level 9 of the Dungeon.
             The game lasted 00:21:41 (6773 turns).

H0rd4k the Thaumaturge (Deep Elf Wizard)            Turns: 6773, Time: 00:21:41

Health: -4/43      AC:  2    Str:  4    XL:     8   Next: 40%
Magic:  13/24      EV: 14    Int: 26    God:
Gold:   203        SH:  0    Dex: 13    Spells: 18/27 levels left

rFire    x . .     SeeInvis .   (no weapon)
rCold    + . .     Gourm    .   (no shield)
rNeg     . . .     Faith    .   a - +0 robe
rPois    .         Spirit   .   b - +0 hat
rElec    .         Reflect  .   (no cloak)
rCorr    .         Harm     .   (no gloves)
MR       .....                  (no boots)
Stlth    ++........             u - amulet of regeneration
HPRegen  0.54/turn              e - ring of ice
MPRegen  0.19/turn              (no ring)

@: no status effects
A: no striking features
a: no special abilities


You were on level 9 of the Dungeon.
You were hungry.

You visited 1 branch of the dungeon, and saw 9 of its levels.
You also visited: Ossuary.

You collected 203 gold pieces.

Inventory:

Hand Weapons
 j - a +2 short sword of holy wrath
Missiles
 c - 6 curare-tipped darts (quivered)
 n - 8 atropa-tipped darts
Armour
 a - a +0 robe (worn)
 b - a +0 hat (worn)
Jewellery
 e - a ring of ice (left hand)
 u - an amulet of regeneration (around neck)
Scrolls
 f - 2 scrolls of blinking {unknown}
 k - 2 scrolls of teleportation
 l - 3 scrolls of enchant armour {unknown}
 s - 2 scrolls of fog {unknown}
 y - 2 scrolls of fear {unknown}
 A - a scroll of random uselessness {unknown}
 B - a scroll of identify
Potions
 g - a potion of cancellation {unknown}
 h - 5 potions of degeneration
 i - a potion of lignification {unknown}
 m - 5 potions of curing
 o - a potion of flight
 p - 2 potions of brilliance {unknown}
 q - 3 potions of agility
 r - a potion of invisibility {unknown}
 t - a potion of mutation
 v - 5 potions of might
 x - a potion of haste {unknown}
 z - a potion of ambrosia {unknown}
Comestibles
 d - 12 rations


   Skills:
 + Level 1.2 Fighting
 + Level 4.0 Dodging
 + Level 3.6 Stealth
 + Level 10.0 Spellcasting
 + Level 6.1 Conjurations
   Level 1.1 Summonings
 + Level 2.8 Translocations
 + Level 1.9 Fire Magic
 + Level 0.4 Air Magic
 + Level 0.4 Poison Magic


You had 18 spell levels left.
You knew the following spells:

 Your Spells              Type           Power        Failure   Level  Hunger
a - Magic Dart            Conj           ####         1%          1    None
b - Blink                 Tloc           N/A          2%          2    None
c - Conjure Flame         Conj/Fire      ####....     2%          3    None
d - Mephitic Cloud        Conj/Pois/Air  ####....     5%          3    None

Your spell library contained the following spells:

 Spells                   Type           Power        Failure   Level  Hunger
 Call Imp                 Summ           ###.....     4%          2    None
 Slow                     Hex            ##......     7%          2    None


Dungeon Overview and Level Annotations

Branches:
Dungeon (9/15)             Temple (0/1) D:4         Ossuary (visited)
   Lair: D:8-11         Orc: D:9-12

Altars:
Fedhas
Gozag
Hepliaklqana
Ru
Xom
The Shining One

Annotations:
D:2 Sigmund
D:4 exclusion: phantom
D:5 exclusion: downstairs
D:6 Grinder
D:9 exclusion: upstairs


Message History

The puff of frost hits you. You resist.
The orc priest calls upon Beogh to heal the orc wizard.
The orc wizard is healed somewhat.
You are feeling hungry.
The orc wizard hits you with a +0 dagger.
Casting: Conjure Flame (safe; 2% risk of failure)
Confirm with . or Enter, or press ? or * to list all spells.
Aiming: Magic Dart (safe; 1% risk of failure)
Press: ? - help, Shift-Dir - straight line, f - orc wizard
Aim: an orc wizard, wielding a +0 dagger and wearing a +0 robe (heavily wounded, fast)
The magic dart hits the orc wizard but does no damage.
The orc wizard is heavily wounded.
The orc wizard hits you with a +0 dagger.
* * * LOW HITPOINT WARNING * * *
Casting: Magic Dart (safe; 1% risk of failure)
Confirm with . or Enter, or press ? or * to list all spells.
You don't know that spell.
The orc priest invokes the aid of Beogh against you.
Beogh smites you!
You die...

.##.#.#.##.###.##.# .#..##.###.#
....#.............. #.........#
.##o#.#.#.##.#.##.####.#.......#
.##...#........##...)#.#.......#
.##.#......#.#.....#.#.........##
....#.#..(...#.##.<#.####........
.##......$.#...##.##....).)รท.....
o##.#.##.#.#.#.##.##.#######.....
........o....#.o@..#########.....
.##.###.##.#.#r##.....)..........
.........ozz.z.##...##.##.#######
.####.###)##o#.##...##'##........
. ##.###.##.#.##.#..'_'.........
........)...).).####'##........
################# #.##........
#........... #...........


You could see a wight, an orc priest, an orc wizard and a quokka.

Vanquished Creatures
  A wraith (Ossuary)
  Edmund (D:4)
  An ogre (D:9)
  A centaur (D:6)
  2 bullfrogs (D:6)
  A water moccasin skeleton (D:5)
  2 wights (D:9)
  A crimson imp (D:9)
  A bullfrog zombie (D:6)
  A bullfrog skeleton (D:5)
  3 orc priests
  2 orc wizards (D:6)
  An iguana (D:5)
  5 worker ants
  A killer bee zombie (D:5)
  A mummy (Ossuary)
  11 adders
  A shadow imp (D:4)
  2 adder skeletons
  2 adder zombies
  6 worms
  3 dart slugs
  4 leopard geckos
  21 orcs
  7 giant cockroaches
  8 goblins
  11 hobgoblins
  7 jackals
  8 kobolds
  4 quokkas
  3 ball pythons
  A ball python skeleton (D:4)
  8 bats
  5 frilled lizards
  9 gnoll skeletons (Ossuary)
  4 kobold skeletons (Ossuary)
  A leopard gecko skeleton (D:3)
  12 orc skeletons (Ossuary)
  8 rats
171 creatures vanquished.

Vanquished Creatures (others)
  7 fungi (D:8)
  3 plants (D:8)
10 creatures vanquished.

Grand Total: 181 creatures vanquished

Notes
Turn   | Place    | Note
-------+----------+-------------------------------------------
     0 | D:1      | H0rd4k the Deep Elf Wizard began the quest for the Orb.
     0 | D:1      | Reached XP level 1. HP: 10/10 MP: 7/7
   224 | D:1      | Reached XP level 2. HP: 15/15 MP: 0/9
   252 | D:1      | Reached skill level 5 in Spellcasting
   697 | D:1      | Reached XP level 3. HP: 19/19 MP: 6/11
   701 | D:1      | Learned a level 2 spell: Blink
   705 | D:1      | Learned a level 3 spell: Conjure Flame
   709 | D:1      | Learned a level 3 spell: Mephitic Cloud
   912 | D:2      | Found a hazy altar of Hepliaklqana.
  1330 | D:2      | Reached skill level 6 in Spellcasting
  1330 | D:2      | Reached XP level 4. HP: 24/24 MP: 7/14
  1485 | D:2      | Noticed Sigmund
  2763 | D:4      | Reached XP level 5. HP: 28/28 MP: 10/16
  2833 | D:4      | Noticed a phantom
  2862 | D:4      | Reached skill level 7 in Spellcasting
  3205 | D:4      | Found a staircase to the Ecumenical Temple.
  3298 | D:4      | Noticed Edmund
  3376 | D:4      | Found a glowing drain.
  3409 | D:4      | Killed Edmund
  3409 | D:4      | Reached XP level 6. HP: 23/32 MP: 0/18
  3563 | D:4      | Got a slimy leather armour
  3574 | D:4      | Identified the cursed +1 leather armour "Lowe" {-Cast rElec
                  | Str+4 Int+9} (You found it on level 4 of the Dungeon)
  3687 | D:4      | Reached skill level 8 in Spellcasting
  3819 | D:4      | Found a sacrificial altar of Ru.
  3883 | D:5      | Entered Level 5 of the Dungeon
  4044 | D:5      | Found an opulent altar of Gozag.
  4047 | D:5      | Found a shimmering altar of Xom.
  4399 | D:5      | Reached XP level 7. HP: 36/36 MP: 17/20
  4488 | D:5      | Reached skill level 1 in Fire Magic
  5181 | D:6      | Found a sand-covered staircase.
  5269 | Ossuary  | Entered an ossuary
  5269 | Ossuary  | Noticed a wraith
  5269 | Ossuary  | Noticed a wraith
  5269 | Ossuary  | Noticed a wraith
  5520 | Ossuary  | Noticed a wraith
  5603 | Ossuary  | Killed a wraith
  5603 | Ossuary  | Reached skill level 1 in Fighting
  5876 | D:6      | Reached skill level 9 in Spellcasting
  5876 | D:6      | Reached skill level 5 in Conjurations
  6078 | D:6      | Reached XP level 8. HP: 43/43 MP: 12/23
  6296 | D:6      | Noticed Grinder
  6380 | D:8      | Noticed a tengu conjurer
  6645 | D:9      | Found a glowing golden altar of the Shining One.
  6687 | D:9      | Reached skill level 10 in Spellcasting
  6724 | D:9      | Found a blossoming altar of Fedhas.
  6773 | D:9      | Killed from afar by an orc priest

Levels and vault maps discovered:
D:1:      ncdulo_smallfort, layout_basic
D:2:      layout_basic, nicolae_overflow_crystal_walls, kennysheep_small_spiral,
          uniq_sigmund
D:3:      layout_loops_ring, first_ration
D:4:      layout_cave_pools, minmay_temple_entry_glass,
          cheibrodos_sewer_entry_sluice, nicolae_ru_the_path_less_chosen,
          uniq_edmund
D:5:      layout_gridville, minitemple, dk_noncrumbling_2, st_stairs_6
D:6:      layout_basic, enter_ossuary_5, uniq_grinder
D:7:      layout_basic, grunt_ogre_cave
D:8:      layout_rooms, yredelemnul_forgotten_temple_becter,
          due_lair_maze_entry_diamond
D:9:      layout_basic, kennysheep_mini_moat, fedhas_altar_2,
          old_standard_altar, david_orc_3, minmay_diced_spiral, uniq_erica

Skill      XL: |  1  2  3  4  5  6  7  8 |
---------------+-------------------------+-----
Spellcasting   | 5 6 7 8 9 10 | 10.0
Dodging        | 3 4 |  4.0
Conjurations   | 2 3 5 6 |  6.1
Stealth        | 3 |  3.6
Translocations | 2 |  2.8
Fire Magic     | 1 |  1.9
Fighting       | 1 |  1.2
Summonings     | |  1.1
Air Magic      | |  0.4
Poison Magic   | |  0.4

Action                   |  1- 3 |  4- 6 |  7- 9 || total
-------------------------+-------+-------+-------++-------
 Cast: Magic Dart        |   105 |   204 |   201 ||   510
       Conjure Flame     |       |     6 |    22 ||    28
       Blink             |       |     6 |     4 ||    10
       Mephitic Cloud    |       |     1 |     6 ||     7
  Use: Scroll            |       |     9 |     2 ||    11
       Potion            |       |       |     2 ||     2
  Eat: Chunk             |     1 |     9 |     7 ||    17
Armor: Robe              |     3 |     5 |     9 ||    17
Dodge: Dodged            |     9 |    24 |    39 ||    72
